 Dungeon Crawl Stone Soup version 0.30.0-29-ga12c61a403 (webtiles) character file.

Game seed: 14410401548281883284

2929 Dadbod the Magician (level 10, -2/67 HPs)
             Began as a Djinni Fire Elementalist on June 24, 2023.
             Was an Initiate of Gozag.
             Engulfed by a cloud of flame (3 damage)
             ... on level 7 of the Dungeon.
             The game lasted 00:38:31 (6719 turns).

Dadbod the Magician (Djinni Fire Elementalist)      Turns: 6719, Time: 00:38:31

Health: -2/67      AC:  3    Str:  7    XL:     10   Next: 7%
Gold:   397        EV: 13    Int: 27    God:    Gozag SH: 10 Dex: 14

rFire   + + +        p - staff of conjuration
rCold   x . .        E - +0 buckler
rNeg    + . .        l - +0 robe of Zylok {rF+ Will+++}
rPois   ∞            (no helmet)
rElec   .            (no cloak)
rCorr   .            o - +0 pair of gloves
SInv    .            (boots unavailable)
Will    ++++.        b - amulet of reflection
Stlth   ++           i - +6 ring of intelligence
HPRegen 0.31/turn    r - ring of positive energy
MPRegen 0.00/turn

%: reflection, infuse magic (-3 HP)
@: about to teleport, flying
A: sickness immunity, fire resistance 2, cold vulnerability 1, float, innate
caster, HP casting, extra vitality 1
a: Renounce Religion, Potion Petition, Call Merchant, Bribe Branch


You were on level 7 of the Dungeon.
You worshipped Gozag.
Gozag was aware of your devotion.
You visited 2 branches of the dungeon, and saw 8 of its levels.

You collected 564 gold pieces.
You spent 52 gold pieces at shops.
You paid 115 gold pieces to Gozag.

Inventory:

Hand Weapons
 q - the +3 mace of the Tortured God {heavy, *Noise Fly rCorr Str+3}
   (You found it on level 3 of the Dungeon)

   Str:       It affects your strength (+3).
   Fly:       It grants you flight.
   *Noise:    It may make noises in combat.
   rCorr:     It protects you from acid and corrosion.
Armour
 l - the +0 robe of Zylok (worn) {rF+ Will+++}
   (You found it on level 2 of the Dungeon)

   rF:        It protects you from fire.
   Will:      It greatly increases your willpower.
 o - a +0 pair of gloves (worn)
 y - a +2 leather armour of cold resistance
 E - a +0 buckler (worn)
Magical Staves
 p - a staff of conjuration (weapon)
Jewellery
 b - an amulet of reflection (around neck)
 i - a +6 ring of intelligence (left hand)
 r - a ring of positive energy (right hand)
 w - an amulet of regeneration
Wands
 s - a wand of flame (7)
 u - a wand of polymorph (5)
Scrolls
 c - 4 scrolls of teleportation
 d - 4 scrolls of fear
 k - a scroll of magic mapping {unknown}
 t - a scroll of enchant weapon {unknown}
 v - 2 scrolls of fog {unknown}
 z - 2 scrolls of enchant armour {unknown}
 A - 3 scrolls of noise {unknown}
 D - 2 scrolls of blinking {unknown}
Potions
 a - a potion of invisibility
 e - a potion of lignification
 f - a potion of might
 g - 2 potions of attraction
 h - 2 potions of brilliance
 j - 2 potions of berserk rage
 n - 3 potions of mutation
 x - a potion of resistance
 B - a potion of cancellation {unknown}
 C - a potion of heal wounds {unknown}
 F - a potion of haste {unknown}
 G - a potion of flight {unknown}


   Skills:
 - Level 3.5 Fighting
 - Level 5.0 Dodging
 - Level 3.5 Stealth
 + Level 6.3 Shields
 - Level 7.6 Spellcasting


You knew the following spells:

 Your Spells              Type           Power      Damage    Failure   Level
a - Foxfire               Conj/Fire      100%       2x1d9     1%          1
b - Scorch                Fire           100%       2d9       1%          2
c - Volatile Blastmotes   Fire/Tloc      100%       2d18      1%          3
d - Inner Flame           Hex/Fire       51%        N/A       1%          3
e - Flame Wave            Conj/Fire      67%        2d15      3%          4
f - Shock                 Conj/Air       100%       1d9       1%          1
g - Ensorcelled Hibernat  Hex/Ice        100%       N/A       1%          2
h - Passwall              Tmut/Erth      42%        N/A       1%          2
i - Ozocubu's Armour      Ice            51%        N/A       1%          3
Your spell library was empty.

Dungeon Overview and Level Annotations

Branches:
Dungeon (7/15)             Temple (1/1) D:4

Altars:
Ashenzari
Cheibriados
Dithmenos
Elyvilon
Fedhas
Gozag
Hepliaklqana
Makhleb
Nemelex Xobeh
Okawaru
Qazlal
Ru
Trog
Uskayaw
Wu Jian
Xom
Yredelemnul
Zin
The Shining One

Shops:
D:7 *


Innate Abilities, Weirdness & Mutations

You are immune to sickness and miasma.
You are immune to poison.
Your flesh is very heat resistant. (rF++)
You are vulnerable to cold. (rC-)
You float through the air rather than walking.
You learn spells naturally, not from books.
Your magical power is your life essence.
You have superior vitality. (+4 MHP)


Message History

You feel a surge of power!
The zap hits Maggie.
Flame seeps out of Maggie.
Maggie is almost dead.
The zap hits the wight but does no damage.
The wight is lightly damaged.
* * * LOW HITPOINT WARNING * * *
Maggie is engulfed in blazing flames.
Flame seeps out of Maggie.
Maggie barely misses you.
Unknown command.
Unknown command.
Unknown command.
Unknown command.
Aiming: Shock (safe; 1% risk of failure)
Press: ? - help, Q - select action, (/) - cycle Shift-Dir - straight line, f/p - Maggie
Aim: Maggie, wielding a +0 morningstar of flaming and wearing +0 steam dragon scales (flame, almost dead, inner flame, 74% to hit)
You feel a surge of power!
The zap hits Maggie!
The zap misses the wight.
* * * LOW HITPOINT WARNING * * *
Maggie explodes!
The fiery explosion engulfs you! You resist.
* * * LOW HITPOINT WARNING * * *
You are engulfed in blazing flames.
You resist.
* * * LOW HITPOINT WARNING * * *
You hear a howl!
Your Shields skill increases to level 6!
You have reached level 10!
Okay, then.
Unknown command.
Unknown command.
Unknown command.
Unknown command.
Unknown command.
Unknown command.
Unknown command.
Unknown command.
Unknown command.
Unknown command.
Unknown command.
As you read the scroll of teleportation, it crumbles to dust.
You feel strangely unstable.
You are engulfed in blazing flames.
You resist.
You die...
Your body crumbles into a pile of gold.

#...##### #.)...<...<...
#>.##########........#....
##.#.......###.#..........
#.#.....(.##..####.#.....
##.#.......##.## .#.....
#[.........##.# .# ....
####..........# ## .z.
#.........#####§##z$...
##.......)).○○@$.z.$$$
###......#########§###$.
))....##.### #
.).....#...#######.##
.....................
..########...#...# ###
#.....# # ###....## #
###.....##


You could see 2 wights.

Vanquished Creatures
  Maggie (D:7)
  Grinder (D:6)
  Eustachio (D:5)
  A water moccasin (D:6)
  An orc warrior (D:7)
  A black bear (D:5)
  An ice beast (D:6)
  A centaur (D:6)
  A bullfrog (D:6)
  A gnoll sergeant (D:7)
  5 scorpions
  10 wights (D:7)
  A howler monkey (D:4)
  2 jellies (D:6)
  3 hounds
  3 orc priests
  A sleepcap (D:4)
  2 gnoll boudas
  2 iguanas
  6 orc wizards
  12 adders
  15 gnolls
  3 worms
  A dart slug (D:2)
  20 orcs
  5 ball pythons
  2 endoplasms
  4 giant cockroaches
  16 goblins
  9 hobgoblins
  4 jackals (D:1)
  4 kobolds
  4 quokkas
  3 bats
  A frilled lizard (D:3)
  8 rats
156 creatures vanquished.

Vanquished Creatures (others)
  An orc (D:7)
  97 foxfires
98 creatures vanquished.

Grand Total: 254 creatures vanquished

Notes
Turn   | Place    | Note
-------+----------+-------------------------------------------
     0 | D:1      | Dadbod the Djinni Fire Elementalist began the quest for the
                  | Orb.
     0 | D:1      | Dadbod set off with the following spells memorised:
                  | Foxfire, Scorch, Volatile Blastmotes, Inner Flame, Flame
                  | Wave.
     0 | D:1      | Reached XP level 1. HP: 15/15 MP: 0/0
    70 | D:1      | Reached XP level 2. HP: 11/21 MP: 0/0
   477 | D:1      | Reached skill level 3 in Spellcasting
   575 | D:1      | Reached XP level 3. HP: 21/25 MP: 0/0
   575 | D:1      | Learned a level 1 spell: Shock
  1451 | D:2      | Reached XP level 4. HP: 6/31 MP: 0/0
  1933 | D:2      | Identified the +0 robe of Zylok {rF+ Will+++}
  2390 | D:3      | Reached XP level 5. HP: 35/36 MP: 0/0
  2390 | D:3      | Learned a level 2 spell: Ensorcelled Hibernation
  2497 | D:3      | Identified the +3 mace of the Tortured God {heavy, *Noise
                  | Fly rCorr Str+3}
  2605 | D:3      | Reached skill level 4 in Spellcasting
  2616 | D:3      | You are sucked into a shaft and drop 3 floors!
  2625 | D:6      | Noticed Grinder
  2629 | D:6      | Killed Grinder
  2630 | D:6      | Reached skill level 1 in Fighting
  2630 | D:6      | Reached skill level 1 in Shields
  2630 | D:6      | Reached XP level 6. HP: 36/42 MP: 0/0
  2631 | D:6      | Reached XP level 7. HP: 41/47 MP: 0/0
  2631 | D:6      | Learned a level 2 spell: Passwall
  2649 | D:6      | Noticed a water moccasin
  2654 | D:6      | Killed a water moccasin
  2655 | D:6      | Reached skill level 5 in Spellcasting
  2763 | D:6      | Reached XP level 8. HP: 30/54 MP: 0/0
  2802 | D:5      | Entered Level 5 of the Dungeon
  3025 | D:4      | Reached skill level 6 in Spellcasting
  3665 | D:4      | Found a staircase to the Ecumenical Temple.
  4681 | D:5      | Reached XP level 9. HP: 51/59 MP: 0/0
  4681 | D:5      | Learned a level 3 spell: Ozocubu's Armour
  4759 | Temple   | Entered the Ecumenical Temple
  5121 | Temple   | Became a worshipper of Gozag Ym Sagoz the Greedy
  5247 | D:5      | Reached skill level 7 in Spellcasting
  5430 | D:5      | Noticed Eustachio
  5436 | D:5      | Killed Eustachio
  5973 | D:6      | Reached skill level 5 in Dodging
  6459 | D:7      | Found Binut's General Store.
  6491 | D:7      | Bought a scroll of fear for 52 gold pieces
  6696 | D:7      | Reached skill level 5 in Shields
  6705 | D:7      | Noticed Maggie
  6718 | D:7      | Killed Maggie
  6718 | D:7      | HP: 2/61 [spore (7)]
  6719 | D:7      | Reached XP level 10. HP: 1/67 MP: 0/0
  6719 | D:7      | Engulfed by a cloud of flame

Illustrated notes

Levels and vault maps discovered:
D:1:      dpeg_arrival_ratfight, layout_loops_ring, serial_bayou_lagoon_a
D:2:      layout_basic, minmay_crystal_room
D:3:      layout_loops_ring, serial_glass, glass_columns_a, glass_columns_a,
          feat_on_display, due_unseen_surprise, feat_on_display,
          grunt_decor_cap, kennysheep_generic_room_7
D:4:      cheibrodos_greedy_goblins, layout_basic,
          minmay_temple_entry_drinking_statues
D:5:      layout_basic, serial_glass, glass_columns_a, glass_columns_a,
          glass_columns_a, glass_columns_a, glass_columns_a, glass_columns_a,
          glass_columns_b, glass_columns_a, glass_columns_a, glass_columns_c,
          glass_columns_a, glass_columns_b, glass_columns_a, glass_columns_b,
          item_on_display_a, feat_on_display, due_unseen_surprise,
          feat_on_display, uniq_eustachio
D:6:      layout_basic, minmay_circle_x, uniq_grinder
D:7:      layout_rooms, serial_shops, shop, minmay_manual_mail, uniq_maggie
Temple:   mainiacjoe_temple_hex_bubbles

Skill      XL: |  1  2  3  4  5  6  7  8  9 |
---------------+----------------------------+-----
Spellcasting   | 3 4 5 6 7 |  7.6
Stealth        | 2 3 |  3.5
Dodging        | 3 4 5 |  5.0
Fighting       | 1 2 3 |  3.5
Shields        | 1 6 |  6.3

Action                     |  1- 3 |  4- 6 |  7- 9 | 10-12 || total
---------------------------+-------+-------+-------+-------++-------
  Melee: Unarmed           |     4 |     6 |       |       ||    10
   Cast: Foxfire           |    45 |     8 |     2 |       ||    55
         Inner Flame       |     1 |     3 |    34 |       ||    38
         Shock             |       |    34 |   197 |       ||   231
         Volatile Blastmot |       |     1 |     4 |       ||     5
         Flame Wave        |       |       |     1 |       ||     1
         Ensorcelled Hiber |       |       |     1 |       ||     1
         Ozocubu's Armour  |       |       |     2 |       ||     2
    Use: Potion            |     1 |       |     1 |       ||     2
         Scroll            |       |       |    10 |     1 ||    11
 Armour: Robe              |     5 |     1 |     8 |       ||    14
  Dodge: Dodged            |     9 |     9 |    21 |       ||    39
  Block: Other             |     9 |     3 |     7 |       ||    19
